 Dungeon Crawl Stone Soup version 0.29.1-15-g9cfb28693d (webtiles) character file.

Game seed: 16998226212701117214

4 H0rd4k the Charlatan (level 1, 0/13 HPs)
             Began as an Octopode Artificer on Mar 10, 2023.
             Slain by an endoplasm (1 damage)
             ... on level 1 of the Dungeon.
             The game lasted 00:00:15 (251 turns).

H0rd4k the Charlatan (Octopode Artificer)            Turns: 251, Time: 00:00:16

Health: 0/13       AC:  1    Str: 11    XL:     1   Next: 70%
Magic:  1/1        EV: 13    Int: 13    God:
Gold:   11         SH:  0    Dex: 12    Spells: 0/0 levels left

rFire   . . .      SeeInvis .   (no weapon)
rCold   . . .      Faith    .   (no shield)
rNeg    . . .      Spirit   .   (helmet restricted)
rPois   .          Reflect  .   (no amulet)
rElec   .          Harm     .   (no ring)
rCorr   .          Rampage  .   (no ring)
Will    .....                   (no ring)
Stlth   +++.......              (no ring)
HPRegen 0.04/turn               (no ring)
MPRegen 0.07/turn               (no ring)
                                (no ring)
                                (no ring)

@: no status effects
A: almost no armour, amphibious, 8 rings, camouflage 1, gelatinous body 1,
(nimble swimmer 1), tentacles
a: no special abilities


You were on level 1 of the Dungeon.
You visited 1 branch of the dungeon, and saw 1 of its levels.

You collected 11 gold pieces.

Inventory:

Wands
 b - a wand of flame (15) (quivered)
 c - a wand of charming (15)
 d - a wand of iceblast (5)
Scrolls
 e - a scroll of immolation {unknown}
Potions
 a - a potion of might {unknown}
 f - a potion of mutation {unknown}


   Skills:
 * Level 1.5 Fighting
 - Level 2.3 Dodging
 - Level 1.3 Stealth
 * Level 0.2 Spellcasting
 - Level 3.2 Evocations


You couldn't memorise any spells.
You didn't know any spells.
Your spell library was empty.

Dungeon Overview and Level Annotations

Branches:
Dungeon (1/15)

Altars:


Innate Abilities, Weirdness & Mutations

You cannot wear most types of armour.
You are amphibious.
You can wear up to eight rings at the same time.
Your skin changes colour to match your surroundings (Stealth+).
Your rubbery body absorbs attacks. (AC +1, EV +1)
((You are camouflaged when in or above water. (Stealth+)))
You have tentacles for arms and can constrict up to eight enemies at once.


Message History

An endoplasm comes into view.
An endoplasm is nearby!
An endoplasm is nearby!
An endoplasm is nearby!
Found a book of Debilitation.
A ball python comes into view.
The ball python hisses angrily.
The helpless endoplasm fails to defend itself.
You tentacle-slap the endoplasm.
The endoplasm is moderately wounded.
The endoplasm hits you.
You tentacle-slap the endoplasm but do no damage.
The endoplasm is moderately wounded.
The endoplasm freezes you.
You are frozen.
You tentacle-slap the endoplasm but do no damage.
The endoplasm is moderately wounded.
The endoplasm closely misses you.
You tentacle-slap the endoplasm but do no damage.
The endoplasm is moderately wounded.
The endoplasm hits you.
You barely miss the endoplasm.
You squeeze the endoplasm, but do no damage.
The endoplasm is moderately wounded.
The endoplasm freezes you.
You are frozen.
* * * LOW HITPOINT WARNING * * *
You are too injured to fight recklessly!
You tentacle-slap the endoplasm but do no damage.
The endoplasm is moderately wounded.
The endoplasm hits you.
* * * LOW HITPOINT WARNING * * *
You are too injured to fight recklessly!
You tentacle-slap the endoplasm but do no damage.
The endoplasm is moderately wounded.
The endoplasm misses you.
You tentacle-slap the endoplasm.
The endoplasm is heavily wounded.
The endoplasm hits you.
You die...

#. #.#..#..## ##..##
#.##......## ##..#
###....#### ##.#
.)........# #..
..##...#.##[## ###.
.....#.....# #...
###...###.#.####...
#.:###########.....#....
.....SJ@................
.#################.##...
#.##... #######


You could see an endoplasm and a ball python.

Vanquished Creatures
  2 endoplasms (D:1)
  A goblin (D:1)
  A rat (D:1)
4 creatures vanquished.

Notes
Turn   | Place    | Note
-------+----------+-------------------------------------------
     0 | D:1      | H0rd4k the Octopode Artificer began the quest for the Orb.
     0 | D:1      | Reached XP level 1. HP: 13/13 MP: 1/1
   251 | D:1      | Slain by an endoplasm

Illustrated notes

Levels and vault maps discovered:
D:1:      ncdulo_lavacross, layout_rooms, shapermc_ecumenical_altar_flowoftime

Action                   || total
-------------------------++-------
Melee: Unarmed           ||    13
       Tentacles         ||     3
       Club              ||     1
       Constrict         ||     1
 Stab: Sleeping          ||     2
Dodge: Dodged            ||     5
